 Dungeon Crawl Stone Soup version 0.24.0-13-gcf9b319 (webtiles) character file.

Game seed: 6525499237132760896, levelgen mode: deterministic

512 Bronimir the Firebug (level 7, 0/66 HPs)
             Began as an Ogre Fire Elementalist on Mar 19, 2020.
             Slain by Purgy (1 damage)
             ... on level 3 of the Dungeon.
             The game lasted 00:14:38 (4322 turns).

Bronimir the Firebug (Ogre Fire Elementalist)       Turns: 4322, Time: 00:14:38

Health: 0/66       AC:  3    Str: 15    XL:     7   Next: 19%
Magic:  4/12       EV: 10    Int: 16    God:
Gold:   103        SH:  0    Dex:  9    Spells: 0/13 levels left

rFire    + . .     SeeInvis +   a - +1 spear
rCold    x . .     Gourm    .   (no shield)
rNeg     . . .     Faith    .   t - +0 robe
rPois    .         Spirit   .   (helmet restricted)
rElec    .         Reflect  .   (no cloak)
rCorr    .         Harm     .   (gloves unavailable)
MR       .....                  (boots unavailable)
Stlth    +.........             (no amulet)
HPRegen  0.21/turn              u - ring of see invisible
MPRegen  0.13/turn              r - ring of fire

@: no status effects
A: large, unfitting armour, hooves 1, sense surroundings 1, tough skin 1
a: no special abilities


You were on level 3 of the Dungeon.
You were not hungry.

You visited 1 branch of the dungeon, and saw 4 of its levels.

You collected 103 gold pieces.

Inventory:

Hand Weapons
 a - a +1 spear (weapon)
 n - a +0 war axe
Missiles
 b - 5 boomerangs
 f - 160 stones
 g - 15 poisoned darts (quivered)
 m - 17 bolts
 s - 90 arrows
 x - 87 sling bullets
Armour
 t - a +0 robe (worn)
Jewellery
 r - a ring of fire (right hand)
 u - a ring of see invisible (left hand)
 C - an uncursed ring of resist corrosion
Wands
 D - a wand of random effects (12)
Scrolls
 d - 3 scrolls of identify
 i - a scroll of remove curse
 k - a scroll of random uselessness
 B - a scroll of magic mapping
Comestibles
 c - 3 rations


   Skills:
 + Level 2.7 Fighting
 + Level 1.8(1.9) Axes
 + Level 0.2(1.1) Polearms
 + Level 1.4 Throwing
 * Level 3.2 Dodging
 - Level 1.4 Stealth
 + Level 3.8 Spellcasting
 * Level 2.6 Conjurations
 * Level 0.3 Hexes
 * Level 4.2 Fire Magic


You couldn't memorise any spells.
You knew the following spells:

 Your Spells              Type           Power        Failure   Level  Hunger
a - Flame Tongue          Conj/Fire      ###..        4%          1    None
b - Throw Flame           Conj/Fire      ###...       6%          2    ##.....
c - Conjure Flame         Conj/Fire      ###.....     12%         3    ###....
d - Sticky Flame          Conj/Fire      ###.....     38%         4    ####...
e - Confuse               Hex            #.......     41%         3    ###....

Your spell library contained the following spells:

 Spells                   Type           Power        Failure   Level  Hunger
 Beastly Appendage        Tmut           #.....       17%         1    None
 Inner Flame              Hex/Fire       ###.....     21%         3    ###....
 Ensorcelled Hibernation  Hex/Ice        #.....       24%         2    ##.....
 Sticks to Snakes         Tmut           #.......     26%         2    ##.....
 Tukima's Dance           Hex            #.......     41%         3    ###....
 Spider Form              Tmut/Pois      #.........   45%         3    ###....
 Fireball                 Conj/Fire      ###.......   75%         5    ######.
 Ice Form                 Ice/Tmut       #.......     86%         4    ####...
 Blade Hands              Tmut           #.........   99%         5    ######.
 Invisibility             Hex            #.......     100%        6    #######


Dungeon Overview and Level Annotations

Branches:
Dungeon (4/15)
 Temple: D:4-7

Altars:
Dithmenos
Qazlal

Annotations:
D:3 Purgy


Innate Abilities, Weirdness & Mutations

You are too large for most types of armour.
You have tough skin. (AC +1)
You have large cloven feet.
You passively map a small area around you.


Message History

Press: ? - help, v - describe, . - travel The floor.
Evoke which item? (* to show all) (? for menu, Esc to quit)
Aiming: Random Effects
Press: ? - help, Shift-Dir - straight line, f/p - Purgy
Aim: Purgy (heavily wounded)
The mass of ice explodes!
The iceblast engulfs Purgy!
Purgy is severely wounded.
The iceblast engulfs you!
You feel a painful chill!
* * * LOW HITPOINT WARNING * * *
Purgy bites you.
* * * LOW HITPOINT WARNING * * *
Purgy barely misses you. x2
Evoke which item? (* to show all) (? for menu, Esc to quit)
Aiming: Random Effects
Press: ? - help, Shift-Dir - straight line, f/p - Purgy
Aim: Purgy (severely wounded) Purgy flickers and vanishes for a moment.
Purgy misses you. Purgy barely misses you. Purgy claws you.
You die...

#.# #.........# #.#
#.####.##.# #.# #.# #.##.#
#.#######.## #....#
#..........# ####.#
#########..# #.# #######
#..# #.# [.....# #..######.#
#####.# #......T@.# #
#.####<######.# # #.##...###
#.# ### #
#........####.#######.##
#####..#####...............#
......##...##..##.#######.##
##.##.#.#.#.#..#### #.#
#.##...#.#...## #.#
#.##.#.#.#.#T# #.#


You could see Purgy (invisible).

Vanquished Creatures
  Grinder (D:3)
  A hound (D:3)
  Natasha (thrice) (D:3)
  An iguana (D:4)
  Ijyb (D:3)
  A worker ant (D:4)
  6 adders
  An ooze (D:3)
  A worm (D:2)
  4 dart slugs
  2 leopard geckos
  2 orcs (D:4)
  A ball python (D:4)
  7 bats
  4 giant cockroaches
  6 goblins
  7 hobgoblins
  13 jackals
  A quokka (D:3)
  A frilled lizard (D:3)
  8 kobolds
  2 rats
74 creatures vanquished.

Notes
Turn   | Place    | Note
-------+----------+-------------------------------------------
     0 | D:1      | Bronimir the Ogre Fire Elementalist began the quest for the
                  | Orb.
     0 | D:1      | Reached XP level 1. HP: 16/16 MP: 3/3
   251 | D:1      | Reached skill level 3 in Fire Magic
   251 | D:1      | Reached XP level 2. HP: 24/24 MP: 3/5
   538 | D:1      | Reached skill level 1 in Conjurations
   866 | D:1      | Learned a level 2 spell: Throw Flame
  1047 | D:2      | Reached XP level 3. HP: 32/32 MP: 4/6
  1066 | D:2      | Reached skill level 1 in Fighting
  1190 | D:2      | Learned a level 3 spell: Conjure Flame
  1625 | D:2      | Reached XP level 4. HP: 41/41 MP: 1/8
  2505 | D:3      | Noticed Ijyb
  2513 | D:3      | Paralysed by Ijyb for 7 turns
  2524 | D:3      | Paralysed by Ijyb for 4 turns
  2535 | D:3      | Killed Ijyb
  2535 | D:3      | Reached skill level 1 in Throwing
  2535 | D:3      | Reached XP level 5. HP: 28/48 MP: 2/9
  2752 | D:3      | Learned a level 4 spell: Sticky Flame
  2798 | D:3      | Identified the Collected Works on Beguiling
  2817 | D:3      | Noticed Natasha
  2825 | D:3      | Killed Natasha
  2825 | D:3      | Reached skill level 1 in Axes
  3201 | D:3      | Noticed Natasha
  3208 | D:3      | Killed Natasha
  3308 | D:3      | Noticed Natasha
  3311 | D:3      | Killed Natasha
  3351 | D:4      | Noticed Grinder
  3352 | D:4      | Paralysed by Grinder for 2 turns
  3363 | D:3      | Gained mutation: You have large cloven feet. [potion of
                  | mutation]
  3363 | D:3      | Gained mutation: Your flesh is heat resistant. (rF+)
                  | [potion of mutation]
  3376 | D:3      | Paralysed by Grinder for 3 turns
  3381 | D:3      | Killed Grinder
  3381 | D:3      | Reached skill level 4 in Fire Magic
  3381 | D:3      | Reached XP level 6. HP: 26/57 MP: 4/11
  3772 | D:4      | Reached XP level 7. HP: 65/65 MP: 7/12
  3839 | D:4      | Found a shadowy altar of Dithmenos.
  3844 | D:4      | Learned a level 3 spell: Confuse
  3966 | D:4      | Found a stormy altar of Qazlal.
  4018 | D:4      | Noticed Purgy
  4044 | D:3      | Lost mutation: You have large cloven feet. [potion of
                  | mutation]
  4044 | D:3      | Lost mutation: Your flesh is heat resistant. (rF+) [potion
                  | of mutation]
  4044 | D:3      | Gained mutation: You passively map a small area around you.
                  | [potion of mutation]
  4044 | D:3      | Gained mutation: You have large cloven feet. [potion of
                  | mutation]
  4321 | D:3      | HP: 2/66 [shot self (16)]
  4322 | D:3      | Slain by Purgy

Levels and vault maps discovered:
D:1:      dpeg_arrival_simpleton_c, layout_basic
D:2:      layout_loops_corners
D:3:      layout_loops_ring, minmay_checkerbox, uniq_natasha, uniq_ijyb
D:4:      layout_basic, grunt_qazlal_sundering, grunt_dithmenos_smoke,
          uniq_duvessa, uniq_purgy, uniq_grinder

Skill      XL: |  1  2  3  4  5 |
---------------+----------------+-----
Fire Magic     | 3 4 |  4.2
Conjurations   | 1 2 |  2.6
Fighting       | 1 2 |  2.7
Dodging        | 2 3 |  3.2
Spellcasting   | 3 |  3.8
Throwing       | 1 |  1.4
Axes           | 1 |  1.8
Polearms       | |  0.2
Stealth        | |  1.4
Hexes          | |  0.3

Action                   |  1- 3 |  4- 6 |  7- 9 || total
-------------------------+-------+-------+-------++-------
Melee: Hand axe          |    18 |    56 |       ||    74
       Spear             |       |     9 |       ||     9
       Kick              |       |     1 |       ||     1
Throw: Boomerang         |    11 |       |       ||    11
       Dart              |    13 |    16 |       ||    29
 Cast: Flame Tongue      |    41 |    67 |    36 ||   144
       Throw Flame       |     4 |     1 |       ||     5
       Conjure Flame     |       |       |     1 ||     1
Evoke: Wand              |       |       |     4 ||     4
  Use: Potion            |       |     5 |     4 ||     9
       Scroll            |       |     1 |    11 ||    12
 Stab: Sleeping          |     1 |       |       ||     1
  Eat: Chunk             |     3 |     7 |     1 ||    11
Armor: Robe              |    20 |    30 |    22 ||    72
       Skin              |       |     2 |    19 ||    21
Dodge: Dodged            |    28 |    59 |    31 ||   118
